[Event "*** Titled Tuesday Blitz"]
[Site "Chess.com"]
[Date "2019.06.04"]
[Round "2"]
[White "NoGalloNoParty"]
[Black "belisarius64"]
[Result "0-1"]
[WhiteElo "2347"]
[BlackElo "2667"]
[TimeControl "180+2"]
[EndTime "13:20:31 PDT"]
[Termination "belisarius64 won on time"]

1. Nf3 d5 2. c4 c6 3. d4 Nf6 4. e3 Bf5 5. Nc3 e6 6. Nh4 Bg4 7. Qb3 Qb6 8. h3 Bh5 9. g4 Bg6 10. Nxg6 hxg6 11. Be2 Qxb3 12. axb3 Na6 13. Bd2 Nb4 14. Kd1 Kd7 15. g5 Ne8 16. c5 Nc7 17. Na4 Nba6 18. b4 Be7 19. f4 f6 20. gxf6 gxf6 21. Kc2 Rag8 0-1

[Event "*** Titled Tuesday Blitz"]
[Site "Chess.com"]
[Date "2019.06.04"]
[Round "2"]
[White "DiogenesSinopeus"]
[Black "Jbd735"]
[Result "0-1"]
[WhiteElo "2442"]
[BlackElo "2440"]
[TimeControl "180+2"]
[EndTime "13:20:32 PDT"]
[Termination "Jbd735 won by resignation"]

1. d4 d5 2. c4 c6 3. Nc3 e6 4. e3 Nf6 5. Nf3 Nbd7 6. Qc2 Bd6 7. g4 Nxg4 8. Rg1 Qf6 9. Rxg4 Qxf3 10. Rxg7 Nf6 11.
Rg5 Qh1 12. Bd2 Qxh2 13. Rg2 Qh5 14. e4 dxe4 15. Nxe4 Nxe4 16. Qxe4 Bd7 17. Rg5 Qh2 18. Rg2 Qh5 19. c5 Bc7 20. Rg5 Qh2 21. Rg2 Qh5 22.
Bg5 Rg8 23. Bf6 Ba5+ 0-1

[Event "*** Titled Tuesday Blitz"]
[Site "Chess.com"]
[Date "2019.06.04"]
[Round "2"]
[White "saraswathii"]
[Black "fm_magua"]
[Result "0-1"]
[WhiteElo "2287"]
[BlackElo "2468"]
[TimeControl "180+2"]
[EndTime "13:20:45 PDT"]
[Termination "fm_magua won by resignation"]

1. d4 Nf6 2. Bf4 g6 3. e3 Bg7 4. Nf3 O-O 5. Be2 d6 6. O-O Nc6 7. h3 Nd7 8. c4 e5 9. Bg3 exd4 10.
exd4 Re8 11. Nc3 Nf6 12. Qb3 Ne4 13. Bh4 Nxd4 14. Bxd8 Nxb3 15. axb3 Nxc3 16. bxc3 Rxd8 17. Rfc1 Be6 18. Ng5 Bf5 19. Nf3 Re8 20. Bf1 Be4 21. Nd2 Bc6 22. b4 a6 23. Nb3 b6 24. c5 dxc5 25.
Rxa6 Bd5 26. Rxa8 Rxa8 27. c4 Be6 28. bxc5 Ra3 29. Nd2 bxc5 30. Ne4 Bd4 31. Rb1 Bf5 32. Rb8+ Kg7 33. Ng5 Ra2 0-1

[Event "*** Titled Tuesday Blitz"]
[Site "Chess.com"]
[Date "2019.06.04"]
[Round "2"]
[White "MattyDPerrine"]
[Black "Cayse"]
[Result "0-1"]
[WhiteElo "2384"]
[BlackElo "2629"]
[TimeControl "180+2"]
[EndTime "13:20:47 PDT"]
[Termination "Cayse won on time"]

1. Nf3 Nf6 2. g3 d5 3. Bg2 e6 4. O-O Be7 5. d4 O-O 6. c4 b6 7. Nc3 Bb7 8. Ne5 Nbd7 9. cxd5 exd5 10. Rb1 Ne4 11. Nxe4 dxe4 12. Qc2 Nxe5 13. dxe5 Qd5 14. Rd1 Qxe5 15. Bf4 Qe6 16. Qxc7 Ba6 17. Qc2 f5 18. Rd2 Qxa2 19. Rd7 Rac8 20. Qd1 Rfd8 0-1

[Event "*** Titled Tuesday Blitz"]
[Site "Chess.com"]
[Date "2019.06.04"]
[Round "2"]
[White "FairChess_on_YouTube"]
[Black "dusanacns"]
[Result "1-0"]
[WhiteElo "3068"]
[BlackElo "2647"]
[TimeControl "180+2"]
[EndTime "13:20:58 PDT"]
[Termination "FairChess_on_YouTube won by resignation"]

1. d4 Nf6 2. c4 g6 3. Nc3 Bg7 4. e4 O-O 5. h3 c6 6. Nf3 d5 7. cxd5 cxd5 8. e5 Ne4 9. Bd3 Nxc3 10. bxc3 Nc6 11. O-O b6 12. Bg5 f6 13. exf6 exf6 14.
Bf4 Be6 15. Re1 Qd7 16. Qa4 Ne5 17. Qxd7 Nxf3+ 18. gxf3 Bxd7 19. c4 Bxh3 20. cxd5 Rfe8 21. Bb5 Rxe1+ 22. Rxe1 Bf8 23. Bc7 Kg7 24. d6 a6 25. Bc6 Rc8 26. Bb7 1-0

[Event "*** Titled Tuesday Blitz"]
[Site "Chess.com"]
[Date "2019.06.04"]
[Round "2"]
[White "Meharchinnareddy"]
[Black "lachesisQ"]
[Result "0-1"]
[WhiteElo "2637"]
[BlackElo "3080"]
[TimeControl "180+2"]
[EndTime "13:21:08 PDT"]
[Termination "lachesisQ won by resignation"]

1. e4 c5 2. Nf3 d6 3. d4 cxd4 4.
Qxd4 Nf6 5. c4 Nc6 6. Qe3 Bg4 7. Be2 g6 8. O-O Bg7 9. Nc3 O-O 10. Rd1 Rc8 11. e5 Nd7 12. exd6 exd6 13. h3 Re8 14. Qd2 Bxf3 15. Bxf3 Nd4 16. Bxb7 Rxc4 17. Bd5 Rc5 18. Bb3 Qa5 19. Ba4 Re7 20. Bxd7 Rxd7 21. Ne4 Qxd2 22. Bxd2 Rc2 23. Be3 Nf5 24. Bg5 Bxb2 25. Rab1 h6 26. Bf6 Rb7 27. Nxd6 Nxd6 28. Rxd6 Bxf6 29. Rxb7 Rc1+ 30.
Kh2 Be5+ 31. g3 Bxd6 32. Rxa7 Rc2 33. Kg2 Rxf2+ 34. Kxf2 Bc5+ 35. Kf3 Bxa7 0-1

[Event "*** Titled Tuesday Blitz"]
[Site "Chess.com"]
[Date "2019.06.04"]
[Round "2"]
[White "DmitryAnikonov"]
[Black "KhazarBabazada"]
[Result "1/2-1/2"]
[WhiteElo "2678"]
[BlackElo "2607"]
[TimeControl "180+2"]
[EndTime "13:21:11 PDT"]
[Termination "Game drawn by agreement"]

1. d4 Nf6 2. c4 g6 3. g3 d5 4. cxd5 Nxd5 5. Bg2 Bg7 6. Nf3 O-O 7. O-O Nb6 8. Nc3 Bg4 9. Ne5 Bc8 10. e3 N8d7 11.
f4 Nxe5 12. fxe5 c6 13. b3 Be6 14. Ba3 Re8 15. Ne4 Nd5 16. Qd2 Bf5 17. h3 Bh6 18. Rae1 Bxe4 19. Bxe4 f5 20. Bg2 e6 21. Qd3 Bf8 22. Bb2 Bb4 23. Re2 Qe7 24. e4 fxe4 25. Bxe4 Rf8 26. Ref2 Rxf2 27. Rxf2 Rf8 28. Rxf8+ Qxf8 29. Qf3 Qxf3 30. Bxf3 Kf7 31. Kf2 Bc3 32. Bxc3 Nxc3 33.
a4 Nd5 34. Bxd5 cxd5 1/2-1/2

[Event "*** Titled Tuesday Blitz"]
[Site "Chess.com"]
[Date "2019.06.04"]
[Round "2"]
[White "kasparicy"]
[Black "PenguinPacks"]
[Result "1-0"]
[WhiteElo "2361"]
[BlackElo "2186"]
[TimeControl "180+2"]
[EndTime "13:21:12 PDT"]
[Termination "kasparicy won by resignation"]

1. e4 c6 2. d4 d5 3. f3 Nf6 4. e5 Nfd7 5. f4 c5 6. Nf3 Nc6 7. c3 e6 8. Bd3 Be7 9. O-O O-O 10. Be3 f6 11. Kh1 Qb6 12. Qd2 f5 13.
a4 Na5 14. Qc2 cxd4 15. Nxd4 Nc4 16. Bxc4 dxc4 17. Na3 Qa6 18. Nab5 Rb8 19. Nc7 Qa5 20. Ncxe6 g6 21. Nxf8 Nxf8 22. Rfd1 Ne6 23. Nb5 Nc5 24. Bxc5 Bxc5 25. b4 cxb3 26. Qxb3+ Kg7 27. Nd6 Bd7 28. Qf7+ Kh6 29. Qxd7 1-0

[Event "*** Titled Tuesday Blitz"]
[Site "Chess.com"]
[Date "2019.06.04"]
[Round "2"]
[White "cool4chess"]
[Black "TBergh98"]
[Result "0-1"]
[WhiteElo "2343"]
[BlackElo "2424"]
[TimeControl "180+2"]
[EndTime "13:21:14 PDT"]
[Termination "TBergh98 won by resignation"]

1. e4 Nf6 2. e5 Nd5 3. d4 d6 4.
c4 Nb6 5. exd6 exd6 6. Nc3 Be7 7. Nf3 Nc6 8. Be2 Bg4 9. O-O O-O 10. h3 Bh5 11.
Be3 d5 12. c5 Nc8 13. b4 a6 14. a3 Bf6 15. Qb3 Bxf3 16. Bxf3 Nxd4 17. Bxd4 Bxd4 18. Rad1 Bxc3 19. Qxc3 c6 20. a4 Ne7 21. Rfe1 Ng6 22.
b5 axb5 23. axb5 Qc7 24. b6 Qd7 25. Bg4 f5 26. Bf3 Rfe8 27. Ra1 Rxe1+ 28. Qxe1 Rxa1 29. Qxa1 Qe7 30. Bh5 Kf7 31. Qa8 Qd7 32. Qb8 d4 33.
Qc7 Ke7 34. Bxg6 hxg6 35. Qe5+ Kf7 36. Qc7 Ke6 37. f4 Qxc7 38. bxc7 Kd7 39. Kf2 Kxc7 40.
Ke2 b6 41. cxb6+ Kxb6 42. Kd3 c5 43. Kc4 Kc6 44. g3 Kd6 45. g4 Kc6 46. Kd3 Kd5 0-1

[Event "*** Titled Tuesday Blitz"]
[Site "Chess.com"]
[Date "2019.06.04"]
[Round "2"]
[White "Niclox"]
[Black "GHANDEEVAM2003"]
[Result "1-0"]
[WhiteElo "2667"]
[BlackElo "2929"]
[TimeControl "180+2"]
[EndTime "13:21:17 PDT"]
[Termination "Niclox won by resignation"]

1. e4 e6 2. d4 d5 3. exd5 exd5 4. c4 Nf6 5. Nc3 Bb4 6. Nf3 O-O 7. Bd3 Re8+ 8. Be3 dxc4 9. Bxc4 Nc6 10. O-O Bg4 11. Be2 Nd5 12. Qd3 Be7 13. Rfe1 Bf6 14. Rad1 a6 15. a3 Qd7 16. Ne5 Bxe2 17. Nxd7 Bxd3 18.
Nxd5 Bxd4 19. Rxd3 Rad8 20. Rxd4 Nxd4 21. N5f6+ gxf6 22. Nxf6+ Kh8 23. Nxe8 Nc2 24. Bg5 Rd5 25. Bf6+ Kg8 26.
Bc3 Nxe1 27. Nf6+ 1-0

[Event "*** Titled Tuesday Blitz"]
[Site "Chess.com"]
[Date "2019.06.04"]
[Round "2"]
[White "Eliwood44"]
[Black "Fy_Rakotomaharo"]
[Result "0-1"]
[WhiteElo "2341"]
[BlackElo "2608"]
[TimeControl "180+2"]
[EndTime "13:21:19 PDT"]
[Termination "Fy_Rakotomaharo won by resignation"]

1. d4 e6 2. Nf3 c5 3. e3 Nf6 4. Bd3 b6 5. O-O Bb7 6. c4 Be7 7. Nc3 d5 8. cxd5 exd5 9. b3 O-O 10. Bb2 Nc6 11. Ne2 Ne4 12. Ng3 f5 13. dxc5 bxc5 14. Rc1 Bf6 15. Bxf6 Rxf6 16. Bxe4 fxe4 17. Nd2 Ne5 18. Rxc5 Ba6 19. Ndxe4 dxe4 20. Rxe5 Bxf1 21. Qxf1 Qd3 22. Nxe4 Qxf1+ 23. Kxf1 Rc6 24. Rc5 Rac8 25. b4 Rxc5 26. Nxc5 Kf7 27. Ke2 Ke7 28. Kd3 Kd6 29. Kd4 h5 30. f4 h4 31. e4 Kc6 32. Kc4 Rd8 33. b5+ Kb6 34. Ne6 Rd2 35.
Nxg7 Rxg2 36. Nf5 h3 37. e5 Rxh2 38. e6 Re2 39. Kd5 h2 40. Ng3 Re3 41. Nh1 Re1 42.
Ng3 Rg1 43. e7 Rxg3 44. e8=Q h1=Q+ 45. Kc4 Qc1+ 46. Kd4 Qc3+ 0-1

[Event "*** Titled Tuesday Blitz"]
[Site "Chess.com"]
[Date "2019.06.04"]
[Round "2"]
[White "MasterKroket"]
[Black "FMAntonio"]
[Result "1-0"]
[WhiteElo "2349"]
[BlackElo "2547"]
[TimeControl "180+2"]
[EndTime "13:21:30 PDT"]
[Termination "MasterKroket won by resignation"]

1. d4 Nf6 2. c4 e6 3. Nf3 d5 4. Nc3 Be7 5. Bf4 O-O 6. e3 b6 7. cxd5 Nxd5 8. Nxd5 exd5 9. Bd3 Be6 10. Qc2 h6 11. Qxc7 Bb4+ 12. Ke2 Qxc7 13. Bxc7 Rc8 14. Bf4 Nd7 15. Rhc1 Kf8 16. a3 Be7 17. Ne5 Nxe5 18. Bxe5 Rxc1 19. Rxc1 Rc8 20. Rxc8+ Bxc8 21. Bb5 Bb7 22. Bb8 a6 23. Bd3 Ke8 24. Kd2 Kd7 25. Kc3 g6 26. Bf4 h5 27. f3 f5 28. Be5 b5 29. g4 hxg4 30. fxg4 Ke6 31. gxf5+ gxf5 32. Kd2 b4 33. axb4 Bxb4+ 34. Ke2 a5 35. Kf3 Bd2 36. Kf4 a4 37. Bb5 Bc1 38. Bxa4 Bxb2 39. Bc2 Bc1 40. Bxf5+ Kf7 41. h4 Ba6 42. h5 Ba3 43. h6 Bf8 44. h7 Bh6+ 45. Kf3 Bg7 46.
h8=Q Bxh8 47. Bxh8 1-0

[Event "*** Titled Tuesday Blitz"]
[Site "Chess.com"]
[Date "2019.06.04"]
[Round "2"]
[White "nocnypako"]
[Black "mikhaillushenkov"]
[Result "0-1"]
[WhiteElo "2565"]
[BlackElo "2730"]
[TimeControl "180+2"]
[EndTime "13:21:41 PDT"]
[Termination "mikhaillushenkov won by resignation"]

1. d4 Nf6 2. c4 e6 3. Nc3 Bb4 4.
e3 d5 5. a3 Bxc3+ 6. bxc3 c5 7. cxd5 exd5 8. Bd3 O-O 9. Ne2 b6 10. O-O Ba6 11. Bxa6 Nxa6 12. f3 Re8 13. Qd3 Nc7 14. Ng3 Ne6 15. Ra2 Rc8 16. Re2 Qd7 17. h3 Qa4 18. Qd1 Qxd1 19. Rxd1 cxd4 20. cxd4 g6 21. Bb2 h5 22. h4 Rc4 23. e4 Nf4 24. Rf2 dxe4 25. fxe4 Nxe4 26. Nxe4 Rxe4 27. d5 Ne2+ 28. Kf1 Ng3+ 29. Kg1 Rxh4 30. Rfd2 Rcf4 0-1

[Event "*** Titled Tuesday Blitz"]
[Site "Chess.com"]
[Date "2019.06.04"]
[Round "2"]
[White "rasmussvane"]
[Black "Gahan-MG"]
[Result "1-0"]
[WhiteElo "2885"]
[BlackElo "2656"]
[TimeControl "180+2"]
[EndTime "13:21:45 PDT"]
[Termination "rasmussvane won by resignation"]

1. Nf3 Nf6 2. c4 g6 3. Nc3 d5 4. cxd5 Nxd5 5. h4 h5 6. e4 Nxc3 7. dxc3 Qxd1+ 8. Kxd1 Nc6 9. Bf4 Bg4 10. Bxc7 Bg7 11.
Be2 O-O 12. Nd2 Rac8 13. Bf4 Be6 14. Ke1 Rfd8 15. Be3 Ne5 16. Bxa7 Nd3+ 17. Bxd3 Rxd3 18. Ke2 Rcd8 19. Rhd1 R3d6 20. Bc5 R6d7 21. Nb3 Bc4+ 22. Ke1 Bf6 23. g3 Bd3 24. Bb6 Bc2 25. Bxd8 1-0

[Event "*** Titled Tuesday Blitz"]
[Site "Chess.com"]
[Date "2019.06.04"]
[Round "2"]
[White "babadroga92"]
[Black "VeraNebolsina"]
[Result "0-1"]
[WhiteElo "2595"]
[BlackElo "2358"]
[TimeControl "180+2"]
[EndTime "13:21:45 PDT"]
[Termination "VeraNebolsina won by resignation"]

1. e4 g6 2. d4 Bg7 3. Nc3 d6 4. f4 Nf6 5. Nf3 c5 6. d5 O-O 7.
Be2 a6 8. a4 e6 9. dxe6 Bxe6 10. O-O Nc6 11. h3 h6 12. Be3 Re8 13. Qd2 d5 14. exd5 Nxd5 15. Nxd5 Qxd5 16. c3 Qxd2 17. Nxd2 Bxh3 18. Kf2 Bxg2 19. Rg1 Bd5 20. Bxc5 Bf6 21. Nf3 Re4 22. f5 Rae8 23. Bd3 Rf4 24. Rg3 Bh4 25. Bd6 Rxf3+ 0-1

[Event "*** Titled Tuesday Blitz"]
[Site "Chess.com"]
[Date "2019.06.04"]
[Round "2"]
[White "2nd_life"]
[Black "hellokostya"]
[Result "0-1"]
[WhiteElo "2552"]
[BlackElo "2522"]
[TimeControl "180+2"]
[EndTime "13:21:49 PDT"]
[Termination "hellokostya won by resignation"]

1. e4 e5 2. f4 exf4 3. Nf3 g5 4. h4 g4 5. Ne5 Nf6 6. Nxg4 Nxe4 7. d3 Ng3 8. Bxf4 Bd6 9. Bxd6 cxd6 10. Rh3 Nf5 11. Qf3 Qa5+ 12. b4 Qxb4+ 13. c3 Qa5 14. Nf6+ Kd8 15. Nd5 Re8+ 16. Be2 Re5 17. Nb4 Nc6 18. Nxc6+ dxc6 19. Qf4 Kc7 20. d4 Nxd4 21. Qxd4 Bxh3 0-1

[Event "*** Titled Tuesday Blitz"]
[Site "Chess.com"]
[Date "2019.06.04"]
[Round "2"]
[White "Yashasd1995"]
[Black "oogee"]
[Result "1-0"]
[WhiteElo "2506"]
[BlackElo "2329"]
[TimeControl "180+2"]
[EndTime "13:21:50 PDT"]
[Termination "Yashasd1995 won by resignation"]

1. b3 e5 2. Bb2 Nc6 3. c4 g6 4. Nc3 Bg7 5. g3 f5 6. Bg2 Nf6 7. d3 O-O 8. Nf3 d6 9. O-O h6 10. Nd2 f4 11. Nd5 g5 12. a3 Ne7 13.
b4 c6 14. Nxf6+ Rxf6 15. c5 Ng6 16. Ne4 dxc5 17. Nxf6+ Qxf6 18. bxc5 Be6 19. Bc3 Qe7 20. Rb1 g4 21. Be4 Nh8 22. gxf4 exf4 23. Bxg7 Qxg7 24. Qd2 Rf8 25. Qb2 Qe5 26. Qxe5 1-0

[Event "*** Titled Tuesday Blitz"]
[Site "Chess.com"]
[Date "2019.06.04"]
[Round "2"]
[White "vinniethepooh"]
[Black "Caterpiller35"]
[Result "0-1"]
[WhiteElo "2596"]
[BlackElo "2407"]
[TimeControl "180+2"]
[EndTime "13:21:51 PDT"]
[Termination "Caterpiller35 won on time"]

1. d4 Nf6 2. c4 e6 3. Nc3 Bb4 4. e3 Ne4 5. Qc2 f5 6. Bd3 O-O 7. Nf3 b6 8. Bxe4 fxe4 9. Qxe4 d5 10. cxd5 exd5 11. Qc2 Bxc3+ 12. Qxc3 Bh3 13. Ne5 Bxg2 14. Rg1 Be4 15. Bd2 Nd7 16. Nc6 Qh4 17. O-O-O Qxf2 0-1

[Event "*** Titled Tuesday Blitz"]
[Site "Chess.com"]
[Date "2019.06.04"]
[Round "2"]
[White "lexiel"]
[Black "fidezivkovic"]
[Result "1-0"]
[WhiteElo "2265"]
[BlackElo "2222"]
[TimeControl "180+2"]
[EndTime "13:21:52 PDT"]
[Termination "lexiel won on time"]

1. d4 Nf6 2. Nf3 e6 3. g3 c5 4. c3 b6 5. Bg2 Bb7 6. O-O Be7 7. Nbd2 O-O 8. Re1 d5 9. b3 Nc6 10. Bb2 Rc8 11. e3 Re8 12. Rc1 Bd6 13. c4 Nb4 14.
Qe2 cxd4 15. exd4 Ne4 16. a3 Na6 17. Nxe4 dxe4 18. Nd2 f5 19. f3 exf3 20. Nxf3 Nc7 21. c5 Bf8 22. c6 Ba8 23. Ne5 Nd5 24. b4 Bd6 25. b5 Qe7 26. Nc4 Qf7 27. Nxd6 1-0

[Event "*** Titled Tuesday Blitz"]
[Site "Chess.com"]
[Date "2019.06.04"]
[Round "2"]
[White "Fins0905"]
[Black "albi1999"]
[Result "1-0"]
[WhiteElo "2692"]
[BlackElo "2442"]
[TimeControl "180+2"]
[EndTime "13:21:57 PDT"]
[Termination "Fins0905 won by resignation"]

1. d4 d5 2. c4 e6 3. Nc3 Nf6 4.
cxd5 Nxd5 5. e4 Nxc3 6. bxc3 c5 7. Nf3 cxd4 8. cxd4 Bb4+ 9. Bd2 Bxd2+ 10. Qxd2 O-O 11. Bc4 Nd7 12. O-O b6 13. Rfe1 Bb7 14. a4 Nf6 15.
Qf4 Rc8 16. Bf1 Qc7 17. Qh4 Rfd8 18. h3 Qc2 19. d5 exd5 20. e5 Ne4 21. Nd4 Qc5 22.
Rad1 Re8 23. f3 Nc3 24. Rd2 Qe7 25. Qg3 Kh8 26. Nf5 Qf8 27. Nd6 Bc6 28. Qf4 Rc7 29.
Nxe8 Qxe8 30. e6 f6 31. Qxc7 1-0

[Event "*** Titled Tuesday Blitz"]
[Site "Chess.com"]
[Date "2019.06.04"]
[Round "2"]
[White "chessking2151"]
[Black "Durarbayli"]
[Result "0-1"]
[WhiteElo "2573"]
[BlackElo "2747"]
[TimeControl "180+2"]
[EndTime "13:21:58 PDT"]
[Termination "Durarbayli won by resignation"]

1. e4 e6 2. d4 d5 3. Nc3 Nf6 4. e5 Nfd7 5. f4 c5 6. Nce2 Nc6 7. Nf3 Qb6 8. c3 f6 9. g3 cxd4 10. cxd4 fxe5 11. fxe5 Bb4+ 12. Bd2 O-O 13. Bg2 Rxf3 14. Bxf3 Nxd4 15. Nxd4 Qxd4 16. Bxb4 Qxb4+ 17. Qd2 Qxd2+ 18. Kxd2 Nxe5 19. Bg2 Bd7 20. b3 Kf7 21. Rae1 Ng4 22. Rhf1+ Nf6 23. g4 h6 24. h4 g5 25. Rf2 Ke7 26.
Bf3 Rf8 27. Ref1 Bb5 28. Re1 Ne4+ 29. Ke3 Nxf2 30. Kxf2 Kd6 31. Kg3 gxh4+ 32. Kf2 e5 33. Ke3 Bc6 34. Be2 d4+ 35. Kd2 h3 0-1

[Event "*** Titled Tuesday Blitz"]
[Site "Chess.com"]
[Date "2019.06.04"]
[Round "2"]
[White "CzechmVIII"]
[Black "Jabberwockiez"]
[Result "0-1"]
[WhiteElo "2095"]
[BlackElo "2224"]
[TimeControl "180+2"]
[EndTime "13:21:58 PDT"]
[Termination "Jabberwockiez won by resignation"]

1. e4 c5 2. Nf3 d6 3. d4 cxd4 4. Nxd4 Nf6 5. Nc3 Nc6 6. Bc4 e6 7. Be3 Be7 8. Qe2 O-O 9. O-O-O Bd7 10. Bb3 Nxd4 11. Bxd4 b5 12. f3 b4 13. Nb1 a5 14.
e5 dxe5 15. Bxe5 a4 16. Bc4 b3 17. cxb3 axb3 18. a3 Rc8 19. Nc3 Qe8 20. Bxb3 Nd5 21.
Bxd5 exd5 22. Kb1 Bxa3 23. bxa3 Rxc3 24. Rhe1 Bf5+ 25. Ka2 Rc2+ 26. Qxc2 Bxc2 27. Rc1 Qa4 28. Bd6 Qb3+ 29. Ka1 Qc3+ 30. Ka2 Bb3+ 31. Kb1 Qd2 0-1

[Event "*** Titled Tuesday Blitz"]
[Site "Chess.com"]
[Date "2019.06.04"]
[Round "2"]
[White "Bigfish1995"]
[Black "TonRicher"]
[Result "1-0"]
[WhiteElo "2962"]
[BlackElo "2361"]
[TimeControl "180+2"]
[EndTime "13:21:59 PDT"]
[Termination "Bigfish1995 won by resignation"]

1. d4 Nf6 2. Nf3 e6 3. c4 d5 4. g3 Be7 5. Bg2 O-O 6. O-O dxc4 7. Qc2 a6 8. a4 Bd7 9. Qxc4 Bc6 10. Bf4 Bd6 11. Qc1 a5 12. Nc3 Na6 13. Bg5 Bxf3 14. Bxf3 c6 15. Rd1 h6 16. Bd2 Qe7 17.
Bg2 Rfd8 18. Be1 e5 19. d5 cxd5 20. Nxd5 Nxd5 21. Rxd5 Nb4 22. Rb5 Rac8 23. Bc3 Rc7 24. Rxa5 Nc6 25. Rd5 Nd4 26. Qd1 Rcd7 27. e3 Nc6 28.
Qg4 Bb4 29. Rxd7 Rxd7 30. Bxc6 bxc6 31. Qxb4 1-0

[Event "*** Titled Tuesday Blitz"]
[Site "Chess.com"]
[Date "2019.06.04"]
[Round "2"]
[White "m3alam"]
[Black "VladDobrov"]
[Result "0-1"]
[WhiteElo "2359"]
[BlackElo "2829"]
[TimeControl "180+2"]
[EndTime "13:21:59 PDT"]
[Termination "VladDobrov won on time"]

1. d4 Nf6 2. c4 c5 3. d5 b5 4.
cxb5 a6 5. bxa6 g6 6. Nc3 Bxa6 7. e4 Bxf1 8. Kxf1 d6 9. g3 Nbd7 10. Kg2 Bg7 11. Nf3 O-O 12. Re1 Ra6 13. h3 Qa8 14. Re2 e6 15. dxe6 fxe6 16. Bf4 d5 17. exd5 exd5 18. Re7 d4 19. Qb3+ Kh8 20. Nd5 Nxd5 21.
Rxd7 Nxf4+ 22. gxf4 Raf6 23. Qd5 Qxd5 24. Rxd5 Rxf4 25.
Ng5 Rxf2+ 26. Kg3 h6 27. Ne6 R8f3+ 28. Kg4 h5+ 29. Kg5 Rg2+ 30. Kh4 Bf6+ 0-1

[Event "*** Titled Tuesday Blitz"]
[Site "Chess.com"]
[Date "2019.06.04"]
[Round "2"]
[White "Genghis_K"]
[Black "SanchezKelvin"]
[Result "1-0"]
[WhiteElo "2855"]
[BlackElo "2456"]
[TimeControl "180+2"]
[EndTime "13:22:00 PDT"]
[Termination "Genghis_K won on time"]

1. d4 c5 2. d5 Nf6 3. Nc3 g6 4. e4 d6 5. Nf3 Bg7 6. Bb5+ Nfd7 7. O-O O-O 8. a4 Na6 9. Re1 Nc7 10. Bf1 Ne5 11. Nxe5 Bxe5 12. Bh6 Re8 13. Qd2 a6 14.
a5 Bd7 15. Na4 Bxa4 16. Rxa4 Qd7 17. Ra2 Rab8 18. c3 e6 19. dxe6 Rxe6 20. Bc4 Ree8 21. Raa1 b5 22. axb6 Rxb6 23. Rad1 Reb8 24. b3 Nb5 25.
Re3 Na3 26. Bd5 Bg7 27. Rf3 Rf8 28. Bxg7 Kxg7 29. c4 Kg8 30. Qb2 1-0

[Event "*** Titled Tuesday Blitz"]
[Site "Chess.com"]
[Date "2019.06.04"]
[Round "2"]
[White "NicoChasin"]
[Black "Misha_Bilous"]
[Result "1-0"]
[WhiteElo "2475"]
[BlackElo "2419"]
[TimeControl "180+2"]
[EndTime "13:22:00 PDT"]
[Termination "NicoChasin won by resignation"]

1. e4 c5 2. Nf3 d6 3. d4 cxd4 4. Nxd4 Nf6 5. Nc3 a6 6. Be2 e5 7. Nb3 Be7 8. g4 h6 9. Be3 Be6 10.
Bf3 Nbd7 11. h4 Rc8 12. Qe2 b5 13. O-O-O Nb6 14. g5 hxg5 15. hxg5 Rxh1 16. Rxh1 Nfd7 17. Rh8+ Nf8 18. g6 fxg6 19. Bg4 Bxg4 20. Qxg4 Nc4 21. Qxg6+ Kd7 22. Qf5+ Kc6 23. Nd5 Kb7 24. Qf7 Rc7 25. Nxc7 Qxc7 26. Rxf8 Bxf8 27. Qxf8 Nxe3 28. fxe3 g5 29.
Qf5 Qg7 30. Qg4 Kc7 31. Nd2 Qh6 32. c3 Qh4 33. Qxh4 gxh4 34. Nf3 h3 35. Kd2 Kc6 36. Ke2 d5 37. Nxe5+ Kd6 38. Ng4 dxe4 39. Kf2 Kd5 40. b3 h2 41. Nxh2 1-0

[Event "*** Titled Tuesday Blitz"]
[Site "Chess.com"]
[Date "2019.06.04"]
[Round "2"]
[White "dereito"]
[Black "Komissarov_alex"]
[Result "1-0"]
[WhiteElo "2249"]
[BlackElo "2100"]
[TimeControl "180+2"]
[EndTime "13:22:04 PDT"]
[Termination "dereito won on time"]

1. d4 Nf6 2. Bf4 d5 3. e3 Bf5 4. c4 Nc6 5. Nc3 e6 6. Nf3 Bb4 7. Qb3 Ne4 8. Ne5 a5 9. a3 a4 10.
Nxc6 axb3 11. Nxd8 Rxa3 12. Rxa3 Bxa3 13. Nxe4 Bxe4 14. cxd5 Bb4+ 15. Kd1 Kxd8 16. dxe6 fxe6 17. Bc4 Bd5 18. Bxd5 exd5 19. Ke2 Kd7 20. Be5 Ra8 21. Kd3 Ra2 22. Rb1 g6 23. f3 c6 24. g4 b5 25. h4 1-0

[Event "*** Titled Tuesday Blitz"]
[Site "Chess.com"]
[Date "2019.06.04"]
[Round "2"]
[White "SloLev"]
[Black "SARGISMV"]
[Result "1-0"]
[WhiteElo "2493"]
[BlackElo "2413"]
[TimeControl "180+2"]
[EndTime "13:22:06 PDT"]
[Termination "SloLev won by resignation"]

1. d4 Nf6 2. Bf4 g6 3. Nc3 Bg7 4. e4 O-O 5. Qd2 c5 6. Nf3 cxd4 7. Nxd4 Nc6 8. Nf3 d6 9. O-O-O a6 10. Bh6 b5 11.
Bd3 b4 12. Nd5 Nxd5 13. exd5 Ne5 14. Bxg7 Kxg7 15. Qxb4 Nxd3+ 16. Rxd3 Bf5 17. Qd4+ f6 18. Re3 Qc7 19. c3 Kg8 20. Rhe1 Rf7 21. Nh4 Bc8 22. Qe4 a5 23. f4 Bb7 24. Rg3 Rg7 25. Qe6+ Kf8 26. Nf5 Bc8 27. Nxg7 Kxg7 28. Qxe7+ Qxe7 29. Rxe7+ Kg8 30. Re8+ Kf7 31. Rge3 g5 32. f5 Bxf5 33. Rxa8 a4 34. Rxa4 1-0

[Event "*** Titled Tuesday Blitz"]
[Site "Chess.com"]
[Date "2019.06.04"]
[Round "2"]
[White "jacky72"]
[Black "VFernandezB"]
[Result "1-0"]
[WhiteElo "2708"]
[BlackElo "2353"]
[TimeControl "180+2"]
[EndTime "13:22:09 PDT"]
[Termination "jacky72 won by checkmate"]

1. c4 Nf6 2. d4 e6 3. Nf3 d5 4. Nc3 dxc4 5. e3 a6 6. Bxc4 b5 7. Bb3 Bb7 8. O-O Nbd7 9. e4 b4 10. e5 bxc3 11. exf6 cxb2 12. fxg7 Bxg7 13. Bxb2 O-O 14. Re1 c5 15. Rc1 Rc8 16. Rc2 Bxf3 17.
Qxf3 cxd4 18. Rxc8 Qxc8 19. Qg4 e5 20. f4 Kh8 21. fxe5 Nxe5 22. Qe4 Qd7 23. Kh1 Ng6 24. Rd1 f5 25. Qd3 Rd8 26. Qxa6 Nf4 27. Qf1 Ng6 28. h3 f4 29. Qf3 Qd6 30. Bc2 Nh4 31. Qg4 Bf6 32. Bxd4 Bxd4 33. Qxh4 Qc7 34. Be4 Rd6 35. a4 Bg7 36. Qxh7# 1-0

[Event "*** Titled Tuesday Blitz"]
[Site "Chess.com"]
[Date "2019.06.04"]
[Round "2"]
[White "Jadeit90"]
[Black "Pechen_Yeltsina"]
[Result "0-1"]
[WhiteElo "2380"]
[BlackElo "2693"]
[TimeControl "180+2"]
[EndTime "13:22:09 PDT"]
[Termination "Pechen_Yeltsina won by resignation"]

1. e4 g6 2. d4 Bg7 3. Nc3 d6 4. Be3 a6 5. Qd2 Nd7 6. O-O-O b5 7. f3 Bb7 8. g4 Nb6 9. h4 h6 10.
Nge2 Nc4 11. Qd3 Nxe3 12. Qxe3 Nf6 13. Kb1 Nd7 14. Bg2 c5 15. f4 cxd4 16. Nxd4 Qb6 17. Rhe1 e5 18. fxe5 dxe5 19. Nb3 Qxe3 20. Rxe3 O-O-O 21. Red3 Nf6 22. g5 Rxd3 23. Rxd3 hxg5 24. hxg5 Nh5 25. Rd1 Nf4 26. Bh1 Rd8 27. Rxd8+ Kxd8 28. Nc5 Bc8 29. Nd5 Bf8 30. Nd3 Nxd3 31. cxd3 Bc5 32. Bf3 Bf2 33. Nf6 Be3 34. Ng4 Bf4 35. Kc2 Ke7 36.
Kc3 Be6 37. a3 Kd6 38. d4 exd4+ 39. Kxd4 Bxg5 40. e5+ Kc7 41. Nf2 Bc1 42. Kc3 g5 43.
Ne4 g4 44. Bg2 Bd5 45. Kd4 Bc6 46. Kc3 Kd8 47. a4 bxa4 48. Kc2 Bf4 0-1

[Event "*** Titled Tuesday Blitz"]
[Site "Chess.com"]
[Date "2019.06.04"]
[Round "2"]
[White "DrMelekess"]
[Black "riconaipe"]
[Result "1-0"]
[WhiteElo "2753"]
[BlackElo "2575"]
[TimeControl "180+2"]
[EndTime "13:22:17 PDT"]
[Termination "DrMelekess won by resignation"]

1. d4 d5 2. Nf3 Nf6 3. c4 c6 4. e3 Bg4 5. h3 Bxf3 6. Qxf3 e6 7. Nc3 Bb4 8. Bd2 Nbd7 9. Bd3 O-O 10. O-O dxc4 11.
Bxc4 e5 12. a3 Bd6 13. Rad1 exd4 14. exd4 Nb6 15. Bb3 Nbd5 16. Bg5 Nxc3 17. bxc3 Bxa3 18. d5 c5 19. d6 h6 20. Bh4 Qb6 21. Bxf6 Qxb3 22. Qg4 g6 23. d7 Rad8 24. Rfe1 Qb6 25. Bxd8 Qxd8 26. Qa4 Bb2 27. Qb3 1-0